 Dungeon Crawl Stone Soup version 0.17.0-18-gaab0e96 (webtiles) character file.

107 JudasIscariot the Ruffian (level 4, -3/44 HPs)
             Began as a Troll Monk on Nov 11, 2015.
             Slain by an orc
             ... wielding a +0 trident
              (6 damage)
             ... on level 3 of the Dungeon.
             The game lasted 00:05:32 (2037 turns).

JudasIscariot the Ruffian (Troll Monk)              Turns: 2037, Time: 00:05:32

Health: -3/44      AC:  5    Str: 24    XL:     4   Next: 57%
Magic:  3/3        EV: 11    Int:  6    God:
Gold:   97         SH:  0    Dex: 13    Spells: 0 memorised, 3 levels left

rFire  . . .     SeeInvis .       - Unarmed
rCold  . . .     Clarity  .     a - +0 robe
rNeg   . . .     SustAt   .     (no shield)
rPois  +         Gourm    +     (helmet restricted)
rElec  .         Spirit   .     (no cloak)
rCorr  .         Warding  .     (gloves unavailable)
rMut   .         Stasis   .     (boots unavailable)
MR     .....                    (no amulet)
Stlth  +.........               j - ring of wizardry
                                d - ring of poison resistance

@: mighty, not resistant to hostile enchantments, very unstealthy
A: unfitting armour, claws 3, fast metabolism 3, gourmand, regeneration 2,
shaggy fur 1, tough skin 2
a: no special abilities


You were on level 3 of the Dungeon.
You were completely stuffed.

You visited 1 branch of the dungeon, and saw 3 of its levels.

You collected 97 gold pieces.

Inventory:

Armour
 a - a +0 robe (worn)
Jewellery
 d - a ring of poison resistance (left claw)
 j - a ring of wizardry (right claw)
Scrolls
 c - 3 scrolls of teleportation {unknown}
 k - 2 scrolls of fog {unknown}
 m - 4 scrolls of identify {unknown}
 n - a scroll of enchant weapon {unknown}
 o - a scroll of remove curse {unknown}
 q - a scroll of noise {unknown}
Potions
 g - a potion of curing {unknown}
 h - a potion of resistance {unknown}
 l - a potion of cancellation {unknown}
 p - a potion of brilliance {unknown}
 r - a potion of flight {unknown}
 s - a potion of poison {unknown}
Comestibles
 b - 5 bread rations
 f - a meat ration
 i - 3 chunks of flesh


   Skills:
 * Level 2.9 Fighting
 * Level 3.2 Dodging
 - Level 1.1 Stealth
 * Level 5.0 Unarmed Combat


You had 3 spell levels left.
You didn't know any spells.

Dungeon Overview and Level Annotations

Branches:
Dungeon (3/15)

Altars:
Dithmenos
Elyvilon
Qazlal
Ru


Innate Abilities, Weirdness & Mutations

You are too large for most types of armour.
You have claws for hands.
Your metabolism is lightning-fast.
You like to eat raw meat.
You heal very quickly.
You are covered in fur (AC +1).
You have very tough skin (AC +2).


Message History

The orc hits you with a trident.
You scratch something. Something hits you. The orc hits you with a short sword.
You miss something. The orc closely misses you. Something hits you.
The orc hits you with a short sword!
* * * LOW HITPOINT WARNING * * *
The orc barely misses you. Something hits you.
* * * LOW HITPOINT WARNING * * *
You hear some strange, mumbled words.
A magic dart appears from out of thin air!
The magic dart hits you!
* * * LOW HITPOINT WARNING * * *
The orc hits you from afar with a trident.
* * * LOW HITPOINT WARNING * * *
Something hits you but does no damage.
Drink which item? (? for menu, Esc to quit)
It was a potion of might.
You feel very mighty all of a sudden. Something hits you but does no damage.
The orc hits you from afar with a trident.
You die...

#...>..# #.####.#
#####.####.#
#.......##.#
####.###.#.##.#### #
#........#.(.....#
#.#.##.##.......##.#
#.#.##.##.#...####.#
#...@..##.#.....##.#
###.#####.#...#.##.#
#o# #.##.##.##.#
#.o......##.......#
#.....########.####
#.....# #..#
≈≈≈≈≈≈≈≈≈## #.....#
#.## ≈≈≈≈≈≈≈≈≈≈##
#.....# #.#
≈≈≈≈≈≈≈≈≈≈≈##....###
#.#


You could see 2 orcs.

Vanquished Creatures
  2 adders
  2 worms
  3 giant geckos
  3 orcs (D:3)
  A ball python (D:1)
  8 bats
  6 giant cockroaches
  8 goblins
  5 hobgoblins
  6 jackals (D:2)
  2 quokkas
  3 giant newts
  14 kobolds
  7 rats
70 creatures vanquished.

Notes
Turn   | Place    | Note
--------------------------------------------------------------
     0 | D:1      | JudasIscariot the Troll Monk began the quest for the Orb.
     0 | D:1      | Reached XP level 1. HP: 22/22 MP: 0/0
    72 | D:1      | Reached XP level 2. HP: 27/29 MP: 1/1
   957 | D:1      | Reached XP level 3. HP: 32/36 MP: 2/2
  1038 | D:2      | Found a shadowy altar of Dithmenos.
  1503 | D:2      | Reached XP level 4. HP: 23/44 MP: 3/3
  1605 | D:3      | Found a stormy altar of Qazlal.
  1866 | D:3      | Found a white marble altar of Elyvilon.
  1876 | D:3      | Found a sacrificial altar of Ru.
  2018 | D:3      | Reached skill level 5 in Unarmed Combat
  2037 | D:3      | Slain by an orc

Action                   |  1- 3 |  4- 6 || total
-------------------------+-------+-------++-------
Melee: Unarmed           |   116 |    67 ||   183
  Use: Potion            |       |     1 ||     1
 Stab: Sleeping          |     1 |       ||     1
  Eat: Chunk             |    19 |     5 ||    24
